 Dungeon Crawl Stone Soup version 0.31-a0-521-gc7390f8997 (webtiles) character file.

Game seed: 5258663557825072034

49 jasper the Changeling (level 3, -4/17 HPs)
             Began as a Spriggan Shapeshifter on Aug 10, 2023.
             Slain by a worm (11 damage)
             ... on level 2 of the Dungeon.
             The game lasted 00:02:14 (1080 turns).

jasper the Changeling (Spriggan Shapeshifter)       Turns: 1080, Time: 00:02:15

Health: -4/17      AC:  2    Str: 11    XL:     3   Next: 51%
Magic:  4/4        EV: 17    Int:  9    God:
Gold:   67         SH:  0    Dex: 17    Spells: 2/2 levels left

rFire   . .          .
                       - Unarmed
rCold   . . .        (no shield)
rNeg    . . .        a - +0 animal skin
rPois   .            (helmet currently unavailable)
rElec   .            (cloak currently unavailable)
rCorr   .            (gloves unavailable)
SInv    +            (boots unavailable)
Will    .....        (no amulet)
Stlth   ++           (no ring)
HPRegen 0.22/turn    (no ring)
MPRegen 0.09/turn

%: no passive effects
@: beast-form, very quick
A: beast (slay +3), very small, no large weapons, unfitting armour, see
invisible, speed 3
a: Begin Untransformation


You were on level 2 of the Dungeon.
You were a hulking beast.
You visited 1 branch of the dungeon, and saw 2 of its levels.

You collected 67 gold pieces.

Inventory:

Missiles
 f - 19 stones (quivered)
Armour
 a - a +0 animal skin (worn)
Talismans
 c - a beast talisman (active)
 d - a flux talisman
Potions
 g - 2 potions of degeneration
 h - 2 potions of heal wounds {unknown}
 i - 2 potions of might {unknown}


   Skills:
 - Level 0.7 Fighting
 - Level 2.6 Dodging
 - Level 2.4 Unarmed Combat
 + Level 5.5 Shapeshifting


You had 2 spell levels left.
You didn't know any spells.
Your spell library was empty.

Dungeon Overview and Level Annotations

Branches:
Dungeon (2/15)

Altars:

Shops:
D:1 *


Innate Abilities, Weirdness & Mutations

You are a hulking beast.
Your limbs bulge with bestial killing power. (Slay +3)
You are very small and have problems with some larger weapons.
You are too small for most types of armour.
You have supernaturally acute eyesight. (SInv)
You cover ground extremely quickly. (Speed+++)


Message History

The goblin closely misses you. The goblin closely misses you.
You hit the goblin.
You kill the goblin!
You see here a +0 dagger.
A kobold comes into view. It is wielding a +0 short sword.
Found 13 gold pieces.
A kobold is nearby!
A goblin comes into view. It is wielding a +0 dagger.
The goblin shouts!
A worm comes into view.
Found 8 gold pieces.
Found a stone staircase leading up.
The goblin closely misses you. The kobold barely misses you.
You barely miss the kobold. The kobold misses you.
The goblin barely misses you. The worm bites you.
You take 1 damage, and have 16/17 hp.
Health restored: 17 Unknown command.
You barely miss the kobold. The kobold barely misses you.
You closely miss the kobold.
The kobold hits you with a +0 short sword.
You take 1 damage, and have 16/17 hp.
You hit the kobold.
You kill the kobold!
You hit the goblin.
You kill the goblin!
Things that are here:
a +0 dagger; a +0 short sword; a kobold corpse Health restored: 17 You hit the worm.
Your punch misses the worm.
The worm is lightly wounded.
The worm bites you!
Ouch! That really hurt!
You take 10 damage, and have 7/17 hp.
MASSIVE DAMAGE!!
You hit the worm.
The worm is moderately wounded.
The worm bites you!
Ouch! That really hurt!
You die...

##############
.............##
#.####.....#...
#. #......... #.
#.).......
#.#####...##.##
####.#.........#
#
#..........w####
#.##....g##h#
#..$....#.#
#...........#
#.#.......#.# #
##......#.#
#....#<#.#
#$#.##.#.# ...
... .. ...


You could see a worm.

Vanquished Creatures
  A gnoll (D:1)
  5 endoplasms (D:1)
  2 giant cockroaches (D:1)
  4 hobgoblins (D:1)
  3 ball pythons (D:1)
  3 bats (D:1)
  A frilled lizard (D:1)
  9 goblins
  5 kobolds
  3 rats (D:1)
36 creatures vanquished.

Notes
Turn   | Place    | Note
-------+----------+-------------------------------------------
     0 | D:1      | jasper the Spriggan Shapeshifter began the quest for the
                  | Orb.
     0 | D:1      | Reached XP level 1. HP: 9/9 MP: 2/2
   107 | D:1      | Reached XP level 2. HP: 4/14 MP: 3/3
   171 | D:1      | Found Lapouhoh's Assorted Antiques.
   329 | D:1      | Reached skill level 5 in Shapeshifting
   496 | D:1      | Reached XP level 3. HP: 17/17 MP: 4/4
  1080 | D:2      | Slain by a worm

Illustrated notes

Levels and vault maps discovered:
D:1:      psy_arrival_statuary, layout_basic, serial_shops,
          nicolae_shop_crystal, nicolae_concentric_dashed_squares_wild
D:2:      minmay_razor_zed, layout_loops_ring, serial_shops,
          nicolae_book_shop_shelving, basic_ecumenical_altar,
          grunt_decor_fettered, uniq_crazy_yiuf_cottage, uniq_robin

Skill      XL: |  1  2 |
---------------+-------+-----
Shapeshifting  | 5 |  5.5
Fighting       | |  0.7
Dodging        | |  2.6
Unarmed Combat | |  2.4

Action                     || total
---------------------------++-------
  Melee: Unarmed           ||    86
         Punch             ||     2
  Throw: Stone             ||     3
    Use: Scroll            ||     2
         Potion            ||     1
   Stab: Sleeping          ||     3
 Armour: Animal skin       ||     4
         Skin              ||     4
  Dodge: Dodged            ||    56

Table legend: (Time is in decaauts)
 A = Elapsed time spent in this place.
 B = Non-inter-level travel time spent in this place.
 C = Inter-level travel time spent in this place.
 D = Time resting spent in this place.
 E = Time spent auto-exploring this place.
 F = Levels seen in this place.
 G = Mean time per level.
                   A        B        C        D        E       F      G
               +--------+--------+--------+--------+--------+-----+--------+
         Total |    774 |    770 |      4 |    183 |    377 |   2 |  387.0 |
       Dungeon |    774 |    770 |      4 |    183 |    377 |   2 |  387.0 |
               +--------+--------+--------+--------+--------+-----+--------+

Top non-repeatable levels by time:
     D:1: 755 daAuts
     D:2: 19 daAuts
